 Dungeon Crawl Stone Soup version 0.28-a0-194-g42b4daccc1 (webtiles) character file.

Game seed: 2532202054939851799

25755 ipx the Frost Mage (level 12, -11/64 HPs)
             Began as a Deep Elf Ice Elementalist on Aug 18, 2021.
             Was a High Priest of Sif Muna.
             Mangled by an orc knight (37 damage)
             ... on level 2 of the Orcish Mines on Aug 19, 2021.
             The game lasted 01:59:26 (6501 turns).

ipx the Frost Mage (Deep Elf Ice Elementalist)      Turns: 6501, Time: 01:59:27

Health: -11/64     AC: 18    Str:  5    XL:     12   Next: 92%
Magic:  8/27       EV: 15    Int: 26    God:    Sif Muna [*****.]
Gold:   725        SH:  5    Dex: 15    Spells: 12/29 levels left

rFire   . . .      SeeInvis .   b - +3 dagger (elec)
rCold   . . .      Faith    .   D - +0 buckler
rNeg    . . .      Spirit   .   J - +0 troll leather armour
rPois   .          Reflect  .   (no helmet)
rElec   .          Harm     .   t - +2 cloak
rCorr   .          Rampage  .   e - +2 pair of gloves
Will    +....                   (no boots)
Stlth   ++........              (no amulet)
HPRegen 1.20/turn               (no ring)
MPRegen 0.20/turn               (no ring)

@: ice-armoured, freezing walls
A: no striking features
a: Renounce Religion, Channel Magic, Forget Spell, Divine Exegesis


You were on level 2 of the Orcish Mines.
You worshipped Sif Muna.
Sif Muna was extremely pleased with you.
You visited 3 branches of the dungeon, and saw 20 of its levels.

You collected 1043 gold pieces.
You spent 318 gold pieces at shops.

Inventory:

Hand Weapons
 a - the +8 long sword of Accord {freeze, *Rage rElec Int+3 Stlth+, !a}
   (You found it on level 10 of the Dungeon)

   It freezes those it strikes, dealing additional cold damage.
   It can also slow down cold-blooded creatures.
   Int:       It affects your intelligence (+3).
   rElec:     It insulates you from electricity.
   *Rage:     It may make you go berserk in combat.
   Stlth:     It makes you more stealthy.
 b - a +3 dagger of electrocution (weapon)
 v - the +5 short sword "Ollukkig" {freeze, Dex+4 SInv}
   (You found it on level 7 of the Dungeon)

   It freezes those it strikes, dealing additional cold damage.
   It can also slow down cold-blooded creatures.
   Dex:       It affects your dexterity (+4).
   SInv:      It lets you see invisible.
Armour
 e - a +2 pair of gloves (worn)
 t - a +2 cloak (worn)
 w - a +2 robe of willpower
 D - a +0 buckler (worn)
 J - a +0 troll leather armour (worn)
Magical Staves
 y - a staff of earth
Jewellery
 i - a ring of ice
Wands
 x - a wand of paralysis (4)
 K - a wand of flame (7)
Scrolls
 c - a scroll of summoning
 d - 4 scrolls of amnesia
 f - a scroll of fog
 h - a scroll of brand weapon {unknown}
 j - a scroll of torment {unknown}
 k - a scroll of enchant armour {unknown}
 l - 3 scrolls of fear
 p - a scroll of vulnerability
 q - a scroll of blinking {unknown}
 s - a scroll of noise
 z - 5 scrolls of teleportation
 A - 2 scrolls of immolation
 C - 2 scrolls of silence
 G - a scroll of magic mapping
Potions
 g - a potion of haste
 m - 2 potions of brilliance {unknown}
 n - 2 potions of curing
 o - a potion of might {unknown}
 u - 2 potions of attraction
 B - a potion of berserk rage
 E - 2 potions of ambrosia {unknown}
 F - a potion of invisibility {unknown}
 H - 2 potions of magic {unknown}
 I - a potion of mutation {unknown}
 W - 3 potions of flight {unknown}


   Skills:
 - Level 3.0 Fighting
 - Level 10.0 Dodging
 - Level 2.4 Stealth
 - Level 4.0 Shields
 - Level 9.0 Spellcasting
 - Level 10.0 Conjurations
 - Level 6.0 Necromancy
 - Level 8.0 Transmutations
 + Level 11.5 Ice Magic
 - Level 8.0 Invocations
 - Level 6.0 Evocations


You had 12 spell levels left.
You knew the following spells:

 Your Spells              Type           Power      Damage    Failure   Level
h - Hailstorm             Conj/Ice       61%        3d13      1%          4
i - Irradiate             Conj/Tmut      27%        3d22      6%          5
o - Ozocubu's Armour      Ice            64%        N/A       1%          3
r - Frozen Ramparts       Ice            100%       1d12      1%          3
u - Sublimation of Blood  Necr           21%        N/A       1%          2

Your spell library contained the following spells:

 Spells                   Type           Power      Damage    Failure   Level
 Freeze                   Ice            100%       1d11      1%          1
 Sting                    Tmut/Pois      100%       1d8       1%          1
 Blade Hands              Tmut           26%        N/A       9%          5
 Poisonous Vapours        Pois/Air       22%        N/A       13%         2
 Petrify                  Tmut/Erth      32%        N/A       16%         4
 Excruciating Wounds      Necr           21%        N/A       21%         5
 Portal Projectile        Hex/Tloc       22%        N/A       26%         3
 Lightning Bolt           Conj/Air       18%        1d33      30%         5
 Ozocubu's Refrigeration  Ice            32%        4d11      52%         7
 Airstrike                Air            5%         N/A       63%         4
 Animate Armour           Summ/Erth      22%        N/A       63%         4
 Olgreb's Toxic Radiance  Pois           11%        N/A       63%         4
 Summon Lightning Spire   Summ/Air       11%        N/A       63%         4
 Iron Shot                Conj/Erth      18%        9d4       86%         6


Dungeon Overview and Level Annotations

Branches:
Dungeon (14/15)            Temple (0/1) D:7            Lair (4/6) D:10
  Swamp (0/4) Lair:2        Snake (0/4) Lair:3          Orc (2/2) D:11
    Elf: Orc:2       Vaults: D:13-14

Altars:
Hepliaklqana
Makhleb
Nemelex Xobeh
Sif Muna
The Shining One
Beogh

Shops:
D:5 *   D:10 ?   Orc:2 !*

Portals:
Trove: D:13 (give 18 potions of curing)

Annotations:
D:8 2 transporters, Harold; Mesmaeker13's ghost, journeyman DjFE
Orc:1 Fannar; Jorgrun
Orc:2 exclusion: upstairs


Message History

The hail pelts the ogre!!
The ogre is almost dead.
The ogre shouts!
The orc sorcerer shouts!
The orc warrior shouts!
The orc sorcerer gestures wildly while chanting.
The orc knight hits you from afar with a +0 halberd!!
Casting: Hailstorm (dangerous; 1% risk of failure)
Confirm with . or Enter, or press ? or * to list all spells.
Casting: Frozen Ramparts (safe; 1% risk of failure)
Press: ? - help, Dir - look around, f - activate The walls around you are covered in ice.
The wall freezes the ogre.
The wall freezes the orc sorcerer!
The orc sorcerer closely misses you.
The wall freezes the orc knight!
The orc knight hits you from afar with a +0 halberd.
The orc knight roars a battlecry!
The orcs go into a battle-frenzy!
Casting: Frozen Ramparts (safe; 1% risk of failure)
Confirm with . or Enter, or press ? or * to list all spells.
Casting: Hailstorm (dangerous; 1% risk of failure)
Press: ? - help, Dir - look around, f - activate A cannonade of hail descends around you!
The hail pelts the ogre!!
You kill the ogre!
Sif Muna accepts your kill.
You see here Boinua Qisi's Papyrus of the Harmful Compass {god gift}.
Sif Muna grants you a gift!
The hail pelts the orc knight!
The orc knight is moderately wounded.
The hail pelts the orc knight!
The orc knight is lightly wounded.
The hail pelts the orc sorcerer!!
The orc sorcerer is almost dead.
The hail pelts the sun demon!
The sun demon is frozen!
The sun demon is moderately wounded.
The wall freezes the orc sorcerer!
You kill the orc sorcerer!
Sif Muna accepts your kill.
The wall freezes the orc knight!
The orc knight hits you from afar with a +0 halberd!!!
Ouch! That really hurt!
You die...

#.....#.....#..........###.
#.###'########........## ..
#..†..# ##......### ..
+.)_).# #....#### ..
#.....# #.#### ..
###'#######.# ..
#......#### . ######'# #@#
#)# o). 3oo.$ #..o..#
##..$## #$..# ##.##


You could see 2 orc knights, a sun demon (summoned), an orc sorcerer (strong)
and an orc warrior (strong).

Vanquished Creatures
  An orc warlord (Orc:1)
  2 hydras (Lair:1)
  2 two-headed ogres
  An orc high priest (Orc:2)
  3 orc knights (Orc:2)
  3 orc sorcerers
  A manticore (D:12)
  A cyclops (D:13)
  Maurice (D:11)
  3 black mambas
  2 cane toads
  4 komodo dragons
  A kobold demonologist (D:10)
  4 trolls
  A polar bear (Lair:2)
  Grinder (D:4)
  A blink frog (Lair:1)
  2 slime creatures (D:13)
  2 shadows
  A vampire (D:11)
  3 wraiths
  2 wyverns
  19 yaks
  2 steam dragons
  2 wargs
  8 water moccasins
  Duvessa (D:4)
  21 orc warriors
  A swamp drake (Lair:2)
  2 sky beasts
  2 necrophages
  11 ogres
  A black bear (D:5)
  13 wolves (Lair:1)
  11 centaurs
  A phantom (D:11)
  6 kobold brigands
  A wyvern zombie (D:8)
  2 scorpions (D:5)
  4 bullfrogs
  2 gnoll sergeants
  Dowan (D:4)
  A wight (D:9)
  2 howler monkeys
  6 centaur zombies
  A jelly (D:6)
  12 orc priests
  A hound (D:5)
  A centaur skeleton (D:4)
  A gnoll shaman (D:6)
  An iguana (Lair:2)
  11 orc wizards
  2 ogre zombies (D:11)
  A howler monkey zombie (D:9)
  12 gnolls
  4 adders
  A white imp (D:6)
  2 worms
  A dart slug (D:1)
  86 orcs
  5 bats
  4 endoplasms
  4 giant cockroaches
  8 goblins
  7 hobgoblins
  2 jackals
  2 quokkas (D:1)
  3 ball pythons
  3 frilled lizards
  A goblin skeleton (D:11)
  A goblin zombie (D:11)
  A hobgoblin skeleton (D:11)
  3 hobgoblin zombies (D:11)
  20 kobolds
  An orc skeleton (D:11)
  8 orc zombies (D:11)
  A rat (D:3)
373 creatures vanquished.

Vanquished Creatures (others)
  A steam dragon (D:9)
  An adder (D:3)
  A ball python (D:3)
  24 fungi
  11 plants
38 creatures vanquished.

Grand Total: 411 creatures vanquished

Notes
Turn   | Place    | Note
-------+----------+-------------------------------------------
     0 | D:1      | ipx the Deep Elf Ice Elementalist began the quest for the
                  | Orb.
     0 | D:1      | Reached XP level 1. HP: 10/10 MP: 6/6
   184 | D:1      | Reached XP level 2. HP: 15/15 MP: 2/8
   229 | D:2      | Reached skill level 5 in Ice Magic
   390 | D:3      | Reached XP level 3. HP: 19/19 MP: 7/9
   446 | D:3      | Learned a level 3 spell: Frozen Ramparts
   450 | D:3      | Learned a level 3 spell: Ozocubu's Armour
   596 | D:2      | Reached skill level 6 in Ice Magic
   713 | D:4      | Noticed Dowan
   740 | D:4      | Reached XP level 4. HP: 19/24 MP: 7/10
   752 | D:5      | Entered Level 5 of the Dungeon
   757 | D:5      | Noticed a scorpion
   763 | D:5      | Killed a scorpion
   764 | D:5      | Reached skill level 7 in Ice Magic
   764 | D:5      | Reached XP level 5. HP: 25/28 MP: 3/11
   793 | D:5      | Found Uwugrosao's Elemental Accessories.
   938 | D:6      | Reached skill level 1 in Evocations
   945 | D:6      | Reached XP level 6. HP: 24/32 MP: 2/12
   973 | D:5      | Learned a level 4 spell: Hailstorm
  1055 | D:5      | Found a burning altar of Makhleb.
  1164 | D:5      | Noticed a sky beast
  1169 | D:5      | Reached skill level 8 in Ice Magic
  1173 | D:5      | Killed a sky beast
  1174 | D:5      | Reached XP level 7. HP: 27/36 MP: 1/13
  1264 | D:4      | Noticed Grinder
  1327 | D:4      | Killed Grinder
  1328 | D:4      | Reached skill level 5 in Conjurations
  1335 | D:4      | Noticed Duvessa
  1734 | D:4      | Killed Dowan
  1760 | D:4      | Reached XP level 8. HP: 39/41 MP: 7/14
  1788 | D:4      | Killed Duvessa
  1859 | D:6      | Found a hazy altar of Hepliaklqana.
  1859 | D:6      | Found a sparkling altar of Nemelex Xobeh.
  1860 | D:6      | Found a shimmering blue altar of Sif Muna.
  1865 | D:6      | Became a worshipper of Sif Muna the Loreminder
  2170 | D:7      | Identified the +5 short sword "Ollukkig" {freeze, Dex+4
                  | SInv}
  2203 | D:7      | Found a staircase to the Ecumenical Temple.
  2285 | D:8      | Noticed Harold
  2535 | D:8      | Found a transporter.
  2539 | D:8      | Noticed Mesmaeker13's ghost (journeyman DjFE)
  2539 | D:8      | Noticed a moth of wrath
  2546 | D:8      | Found a transporter.
  2573 | D:8      | Reached skill level 5 in Dodging
  2573 | D:8      | Reached skill level 9 in Ice Magic
  2661 | D:8      | Reached skill level 5 in Evocations
  2661 | D:8      | Reached XP level 9. HP: 41/45 MP: 5/15
  2669 | D:8      | Reached * piety under Sif Muna
  2780 | D:10     | Entered Level 10 of the Dungeon
  2854 | D:9      | Noticed a red ugly thing
  2899 | D:9      | Reached skill level 1 in Invocations
  2907 | D:9      | Reached skill level 1 in Shields
  3434 | D:10     | Reached skill level 5 in Invocations
  3440 | D:10     | Reached XP level 10. HP: 36/50 MP: 3/16
  3461 | D:10     | Found Tiveg's Magic Scroll Boutique.
  3504 | D:10     | Reached ** piety under Sif Muna
  3567 | D:10     | Found a staircase to the Lair.
  3577 | Lair:1   | Entered Level 1 of the Lair of Beasts
  3577 | Lair:1   | Noticed a seven-headed hydra
  3580 | Lair:1   | Noticed a cane toad
  3582 | Lair:1   | Noticed an eight-headed hydra
  3585 | Lair:1   | Killed a seven-headed hydra
  3624 | Lair:1   | Reached skill level 10 in Dodging
  3706 | Lair:1   | Noticed a black mamba
  3714 | Lair:1   | Killed a black mamba
  3715 | Lair:1   | Reached skill level 1 in Fighting
  3765 | Lair:1   | Killed an eight-headed hydra
  3766 | Lair:1   | Reached XP level 11. HP: 32/60 MP: 14/19
  3920 | Lair:1   | Reached skill level 5 in Spellcasting
  3994 | Lair:1   | Reached skill level 10 in Ice Magic
  4075 | Lair:2   | Found a staircase to the Swamp.
  4194 | Lair:3   | Found a staircase to the Snake Pit.
  4244 | Lair:2   | Reached *** piety under Sif Muna
  4331 | Lair:2   | Reached skill level 11 in Ice Magic
  4545 | D:11     | HP: 2/60 [wraith (6)]
  4643 | D:11     | Learned a level 5 spell: Irradiate
  4737 | D:10     | Identified the +8 long sword of Accord {freeze, *Rage rElec
                  | Int+3 Stlth+}
  4766 | D:10     | Reached skill level 1 in Transmutations
  4962 | D:10     | Learned a level 2 spell: Sublimation of Blood
  5286 | D:12     | Reached XP level 12. HP: 21/64 MP: 9/27
  5333 | D:12     | Reached **** piety under Sif Muna
  5374 | D:13     | Found a portal to a secret trove of treasure.
  5391 | D:14     | Found a glowing golden altar of the Shining One.
  5431 | D:13     | Noticed a two-headed ogre
  5438 | D:13     | Killed a two-headed ogre
  5452 | D:13     | Noticed a centaur warrior
  5503 | D:11     | Noticed Maurice
  5512 | D:11     | Killed Maurice
  5547 | D:11     | Reached skill level 5 in Transmutations
  5592 | D:11     | Found a staircase to the Orcish Mines.
  5645 | Orc:1    | Entered Level 1 of the Orcish Mines
  5793 | Orc:1    | Reached skill level 1 in Necromancy
  5834 | Orc:1    | Noticed an orc warlord
  5888 | Orc:1    | Killed an orc warlord
  5951 | Orc:1    | Noticed Fannar
  5978 | Orc:2    | Entered Level 2 of the Orcish Mines
  6041 | Orc:2    | Reached skill level 10 in Conjurations
  6068 | Orc:2    | Reached ***** piety under Sif Muna
  6123 | Orc:2    | Noticed a two-headed ogre
  6132 | Orc:2    | Killed a two-headed ogre
  6177 | Orc:2    | Noticed an orc high priest
  6183 | Orc:2    | Killed an orc high priest
  6184 | Orc:2    | Reached skill level 5 in Necromancy
  6332 | Orc:1    | Noticed Jorgrun
  6409 | Orc:2    | Found Hezewogi's General Store.
  6421 | Orc:2    | Bought a scroll of summoning for 123 gold pieces
  6421 | Orc:2    | Bought a potion of curing for 39 gold pieces
  6421 | Orc:2    | Bought a potion of attraction for 39 gold pieces
  6429 | Orc:2    | Found Roives's Distillery.
  6442 | Orc:2    | Bought a potion of degeneration for 13 gold pieces
  6442 | Orc:2    | Bought a potion of curing for 39 gold pieces
  6442 | Orc:2    | Bought a potion of berserk rage for 65 gold pieces
  6501 | Orc:2    | Received a gift from Sif Muna
  6501 | Orc:2    | Mangled by an orc knight

Illustrated notes

Levels and vault maps discovered:
D:1:      dpeg_arrival_stone_temple_mockup, layout_basic, serial_rivers,
          chequers_serial_rivers_room_b, chequers_serial_rivers_marsh,
          chequers_serial_rivers_micro_e, chequers_serial_rivers_room_b,
          basic_ecumenical_altar, hangedman_decor_diamond_cutter
D:2:      layout_basic
D:3:      layout_basic, lemuel_old_faithful
D:4:      layout_basic, grunt_decor_resistance, hangedman_abyss_or_decor_passed,
          uniq_grinder, uniq_duvessa
D:5:      minmay_angry_zag, layout_basic, mainiacjoe_overflow_24_doors,
          nicolae_elemental_shop, amethyst_killhole
D:6:      layout_rooms, chequers_temple_overflow_statue_of_worship,
          serial_aquarium, aquarium_bridge_square [aquarium_subvault_window,
          aquarium_subvault_wall, aquarium_subvault_bridge,
          aquarium_subvault_wall], aquarium_window_corridor_3,
          aquarium_window_corner, aquarium_window_corner, aquarium_window_fake,
          aquarium_view_2c, aquarium_view_2d, aquarium_pool_S
D:7:      layout_loops_ring, minmay_temple_entry_nine_rooms, minmay_fountain_box
D:8:      layout_loops_ring, gammafunk_ghost_berserking_beasts, minivault_24,
          uniq_harold
D:9:      minmay_spotlight, layout_long_grid, grunt_tough_drop
D:10:     layout_roguey, lair_entry_dummy, serial_shops, nicolae_take_the_stairs
D:11:     layout_rooms, zombieorc2_lemuel, minmay_circle_x, uniq_maurice
D:12:     layout_basic
D:13:     layout_long_grid, nicolae_trove_entry_crossroad, dk_noncrumbling_4,
          uniq_rupert
D:14:     layout_rooms, lightli_vaults_fourway_checkpoint, grunt_decor_fettered,
          tso_metal_star, uniq_frances, uniq_agnes, uniq_snorg
Lair:1:   layout_gridlike, serial_bayou_pond_b
Lair:2:   layout_chaotic_city, minmay_swamp_entry_reptiles, grunt_megastairs_2,
          uniq_erica
Lair:3:   layout_cave_shapes, minmay_snake_entry_six_corridors,
          chequers_serial_rivers_small_3
Lair:4:   layout_loops_ring, gammafunk_ghost_arena, beast_lair_carwin_11,
          uniq_kirke
Orc:1:    layout_diamond_mine, uniq_fannar, uniq_jorgrun
Orc:2:    pubby_orc_utopia

Skill      XL: |  1  2  3  4  5  6  7  8  9 10 11 12 |
---------------+-------------------------------------+-----
Ice Magic      | 5 6 7 8 9 11 | 11.5
Evocations     | 2 3 5 6 |  6.0
Conjurations   | 3 7 10 | 10.0
Dodging        | 6 7 10 | 10.0
Invocations    | 5 8 |  8.0
Shields        | 4 |  4.0
Fighting       | 3 |  3.0
Spellcasting   | 4 9 |  9.0
Transmutations | 3 8 |  8.0
Necromancy     | 6 |  6.0
Stealth        | |  2.4

Action                   |  1- 3 |  4- 6 |  7- 9 | 10-12 || total
-------------------------+-------+-------+-------+-------++-------
Melee: Dagger            |    16 |     8 |    35 |   170 ||   229
       Short sword       |       |       |    79 |   208 ||   287
       Trident           |       |       |       |     8 ||     8
Throw: Boomerang         |     4 |     1 |     1 |       ||     6
       Throwing net      |       |       |       |     2 ||     2
       Dart              |       |       |       |     1 ||     1
 Cast: Freeze            |    49 |    10 |    26 |       ||    85
       Frozen Ramparts   |     3 |     7 |    22 |    71 ||   103
       Ozocubu's Armour  |     1 |     3 |    18 |    55 ||    77
       Hailstorm         |       |       |    15 |    79 ||    94
       Sublimation of Bl |       |       |       |    37 ||    37
       Irradiate         |       |       |       |     6 ||     6
Invok: Channel Magic     |       |       |       |     6 ||     6
Evoke: Wand              |       |       |    23 |    40 ||    63
  Use: Scroll            |       |       |     3 |    10 ||    13
       Potion            |       |       |     4 |     4 ||     8
 Stab: Paralysed         |       |       |    41 |    21 ||    62
       Sleeping          |       |       |     4 |       ||     4
       Held in net/web   |       |       |       |     1 ||     1
Armor: Robe              |    23 |     3 |    51 |    74 ||   151
       Troll leather arm |       |       |       |    65 ||    65
Dodge: Dodged            |    40 |     9 |    92 |   286 ||   427
Block: Buckler           |       |       |     2 |   101 ||   103

Table legend: (Time is in decaauts)
 A = Elapsed time spent in this place.
 B = Non-inter-level travel time spent in this place.
 C = Inter-level travel time spent in this place.
 D = Time resting spent in this place.
 E = Time spent auto-exploring this place.
 F = Levels seen in this place.
 G = Mean time per level.
                   A        B        C        D        E       F      G
               +--------+--------+--------+--------+--------+-----+--------+
         Total |   6684 |   6522 |    162 |      0 |      0 |  20 |  334.2 |
       Dungeon |   4960 |   4848 |    112 |      0 |      0 |  14 |  354.3 |
          Lair |    841 |    791 |     50 |      0 |      0 |   4 |  210.2 |
  Orcish Mines |    882 |    882 |      0 |      0 |      0 |   2 |  441.0 |
               +--------+--------+--------+--------+--------+-----+--------+

Top non-repeatable levels by time:
    D:10: 656 daAuts
     D:9: 557 daAuts
     D:8: 546 daAuts
  Lair:1: 510 daAuts
     D:5: 506 daAuts
    D:11: 497 daAuts
     D:4: 489 daAuts
   Orc:2: 451 daAuts
   Orc:1: 430 daAuts
     D:1: 320 daAuts
     D:3: 310 daAuts
     D:6: 297 daAuts
    D:12: 260 daAuts
     D:2: 219 daAuts
     D:7: 186 daAuts
